AoeStats
← The Leaf

QS Arena

503465093Analyzed
4v4 RM · 1mo ago on Aug 31, 2026· 25m 27s· 8 players
Game mode
Random Map
Map size
Large (8 player)
Population
200
Speed
Normal
Resources
Standard
Victory
Conquest
Starting age
Dark Age
Ending age
Imperial Age
RankedLock teamsTeams togetherTeam positionsShared explorationLock speedFull tech treeHidden civsTurbo modeCheats
Victory
Defeat
🇩🇪 Mapuche · Germany
1790
+6
🇮🇹 Slavs · Italy
1700
+10
🇮🇹 Persians · Italy
1690
+10
1676
+10
🇩🇪 Jurchens · Germany
1643
-13
🇨🇳 Byzantines · China
1593
-11
🇨🇴 Franks · Colombia
1492
-7
🇬🇧 Burmese · United Kingdom
1477
-7
喜足天
8:02 Feudal Age
11:37 Castle Age
10:00 Horse Collar
10:54 Double-Bit Axe
17:44 Loom
21:01 Wheelbarrow
24:10 Imperial Age
23:04 Hand Cart
23:44 Scale Barding Armor
23:49 Forging
24:50 Chain Barding Armor
24:31 Heavy Camel Rider
25:11 Husbandry
EL TIGRE ABELARDO
8:23 Feudal Age
9:00 Double-Bit Axe
12:12 Castle Age
12:43 Wheelbarrow
13:15 Bow Saw
17:06 Gold Mining
19:34 Loom
20:54 Gold Shaft Mining
20:44 Stone Mining
21:19 Fletching
22:21 Town Watch
22:35 Bodkin Arrow
27:59 Imperial Age
DoubleZX
7:32 Feudal Age
11:14 Castle Age
9:15 Double-Bit Axe
9:51 Horse Collar
12:33 Bow Saw
13:12 Wheelbarrow
15:52 Town Watch
18:36 Heavy Plow
20:31 Gold Mining
22:02 Loom
24:48 Imperial Age
23:58 Ballistics
23:30 Guard Tower
23:31 Fletching
25:14 Hand Cart
24:34 Pikeman
25:15 Squires
26:38 Chemistry
The Leaf
9:38 Feudal Age
13:19 Castle Age
15:41 Loom
MrDJM
8:21 Feudal Age
9:29 Horse Collar
12:02 Castle Age
10:18 Double-Bit Axe
13:03 Bow Saw
13:48 Loom
26:13 Wheelbarrow
26:15 Fortified Wall
Pipistola
7:41 Feudal Age
11:29 Castle Age
9:24 Double-Bit Axe
9:39 Horse Collar
12:58 Bow Saw
17:24 Wheelbarrow
17:33 Gold Mining
22:29 Imperial Age
20:26 Stone Mining
20:46 Loom
21:58 Stone Shaft Mining
22:35 Hand Cart
22:23 Fletching
23:47 Chemistry
MLT | El Campeador di Melito
9:09 Feudal Age
12:54 Castle Age
11:19 Double-Bit Axe
12:15 Domestication
13:53 Bow Saw
13:48 Light Cavalry
15:13 Scale Barding Armor
20:25 Pastoralism
23:41 Loom
24:49 Wheelbarrow
24:00 Town Watch
RoR | Hellequinn
8:13 Feudal Age
9:16 Double-Bit Axe
12:05 Castle Age
10:02 Horse Collar
11:52 Fletching
12:59 Bow Saw
14:11 Gold Mining
14:46 Fletching
16:54 Bodkin Arrow
20:35 Wheelbarrow
20:52 Loom
20:53 Town Watch
22:37 Hand Cart
23:50 Padded Archer Armor
25:58 Gold Shaft Mining
Connection lost

Rejoining the realm…

Still unreachable

The connection could not be restored.

Session expired

The server has moved on; the page needs a fresh start.